 Dungeon Crawl Stone Soup version 0.24.0-13-gcf9b319 (webtiles) character file.

Game seed: 3794750647017008563, levelgen mode: deterministic

53 EndlessMike the Ruffian (level 3, -1/29 HPs)
             Began as a Demonspawn Chaos Knight on Apr 13, 2020.
             Was a Plaything of Xom.
             Slain by a gnoll
             ... wielding a +0 whip
              (5 damage)
             ... on level 2 of the Dungeon.
             The game lasted 00:01:44 (1127 turns).

EndlessMike the Ruffian (Demonspawn Chaos Knight)   Turns: 1127, Time: 00:01:44

Health: -1/29      AC:  5    Str: 13    XL:     3   Next: 62%
Magic:  3/3        EV: 11    Int: 13    God:    Xom [*.....]
Gold:   65         SH:  0    Dex: 12    Spells: 2/2 levels left

rFire    . . .     SeeInvis .     - Unarmed
rCold    . . .     Gourm    .   (no shield)
rNeg     . . .     Faith    .   a - +2 leather armour
rPois    .         Spirit   .   (no helmet)
rElec    .         Reflect  .   (no cloak)
rCorr    .         Harm     .   (no gloves)
MR       .....                  (no boots)
Stlth    +.........             (no amulet)
HPRegen  0.09/turn              (no ring)
MPRegen  0.08/turn              (no ring)

@: no status effects
A: claws 1, rot immunity
a: Renounce Religion


You were on level 2 of the Dungeon.
You worshipped Xom.
You were a special plaything of Xom.
You were not hungry.

You visited 1 branch of the dungeon, and saw 2 of its levels.

You collected 65 gold pieces.

Inventory:

Missiles
 c - 24 bolts
 h - 2 throwing nets (quivered)
Armour
 a - a +2 leather armour (worn)
 g - a +0 scale mail
Scrolls
 e - 4 scrolls of teleportation {unknown}
 f - 3 scrolls of identify {unknown}
 j - a scroll of remove curse {unknown}
 k - a scroll of enchant weapon {unknown}
 l - a scroll of magic mapping {unknown}
 m - a scroll of noise {unknown}
Potions
 d - a potion of haste {unknown}
 i - a potion of lignification {unknown}
 n - a potion of heal wounds {unknown}
 o - a potion of curing {unknown}
Comestibles
 b - 2 rations


   Skills:
 - Level 3.0 Fighting
 - Level 1.7 Armour
 - Level 0.8 Dodging
 + Level 4.2 Unarmed Combat


You had 2 spell levels left.
You didn't know any spells.
Your spell library was empty.

Dungeon Overview and Level Annotations

Branches:
Dungeon (2/15)

Altars:


Innate Abilities, Weirdness & Mutations

You have sharp fingernails.
You are immune to rotting.


Message History

The jackal is severely wounded.
The jackal bites you but does no damage.
You claw the jackal!
You kill the jackal!
You scratch the jackal.
You kill the jackal!
The gnoll hits you with a +0 whip.
The gnoll hits you from afar with a +0 spear.
The gnoll closely misses you.
You see here a jackal corpse.
You scratch the gnoll. You claw the gnoll.
The gnoll is moderately wounded.
The gnoll hits you with a +0 whip. The gnoll closely misses you.
The gnoll hits you from afar with a +0 spear!
* * * LOW HITPOINT WARNING * * *
You claw the gnoll!
The gnoll is almost dead.
The gnoll hits you with a +0 whip.
You die...
Xom guffaws!

## #################.
#.................
#.###############. #.#
......... #@# ########.
######g# # #. ###....gg#
###. #. ......†.g+
....#########.
.........######..........
........................#
...#.....######.#........
.. #.....# ####.#.#####..
. +.....................


You could see 4 gnolls.

Vanquished Creatures
  An ooze (D:1)
  A dart slug (D:1)
  4 leopard geckos (D:1)
  A ball python (D:1)
  2 bats (D:1)
  A giant cockroach (D:1)
  4 hobgoblins (D:1)
  5 jackals
  4 kobolds (D:1)
  3 frilled lizards
  4 goblins
  9 rats
39 creatures vanquished.

Notes
Turn   | Place    | Note
-------+----------+-------------------------------------------
     0 | D:1      | EndlessMike the Demonspawn Chaos Knight began the quest for
                  | the Orb.
     0 | D:1      | Reached XP level 1. HP: 18/18 MP: 1/1
    66 | D:1      | Reached skill level 3 in Unarmed Combat
   103 | D:1      | Gained mutation: You have sharp fingernails. [demonic
                  | ancestry]
   103 | D:1      | Reached XP level 2. HP: 14/24 MP: 2/2
   258 | D:1      | XOM: summons 1 hostile demon
   531 | D:1      | Gained mutation: You are immune to rotting. [demonic
                  | ancestry]
   531 | D:1      | Reached XP level 3. HP: 29/29 MP: 3/3
   605 | D:1      | Reached skill level 4 in Unarmed Combat
  1127 | D:2      | Slain by a gnoll

Levels and vault maps discovered:
D:1:      evilmike_arrival_rings, layout_basic
D:2:      layout_basic, chequers_ecumenical_altar_simple_redux, uniq_robin

Skill      XL: |  1  2  3 |
---------------+----------+-----
Unarmed Combat | 3 4 |  4.2
Fighting       | |  3.0
Armour         | |  1.7
Dodging        | |  0.8

Action                   || total
-------------------------++-------
Melee: Unarmed           ||   141
       Punch             ||     2
  Eat: Chunk             ||     1
Armor: Leather armour    ||    50
Dodge: Dodged            ||   107
